 Dungeon Crawl Stone Soup version 0.23-a0-641-g0a7f1ce553 (webtiles) character file.

7 HereIgoKillingAgain the Sneak (level 1, -4/9 HPs)
             Began as a Spriggan Enchanter on Dec 30, 2018.
             Slain by a worm (12 damage)
             ... on level 2 of the Dungeon.
             The game lasted 00:00:40 (838 turns).

HereIgoKillingAgain the Sneak (Spriggan Enchanter)   Turns: 838, Time: 00:00:41

Health: -4/9       AC:  2    Str:  4    XL:     1   Next: 91%
Magic:  4/5        EV: 18    Int: 16    God:
Gold:   33         SH:  0    Dex: 16    Spells: 4/5 levels left

rFire    . . .     SeeInvis +   a - +1 dagger
rCold    . . .     Gourm    .   (shield restricted)
rNeg     . . .     Faith    .   b - +0 robe
rPois    .         Spirit   .   (helmet restricted)
rElec    .         Reflect  .   (no cloak)
rCorr    .         Harm     .   (gloves unavailable)
MR       .....                  (boots unavailable)
Stlth    +++.......             (no amulet)
HPRegen  0.03/turn              (no ring)
MPRegen  0.09/turn              (no ring)

@: very quick
A: very small, unfitting armour, see invisible, herbivore, speed 3, slow
metabolism 2
a: no special abilities


You were on level 2 of the Dungeon.
You were not hungry.

You visited 1 branch of the dungeon, and saw 2 of its levels.

You collected 33 gold pieces.

Inventory:

Hand Weapons
 a - a +1 dagger (weapon)
Armour
 b - a +0 robe (worn)
Scrolls
 f - 3 scrolls of identify {unknown}
 g - a scroll of enchant armour {unknown}
 i - a scroll of remove curse {unknown}
Potions
 c - a potion of haste {unknown}
 e - a potion of mutation {unknown}
 h - a potion of lignification {unknown}
Comestibles
 d - 2 rations


   Skills:
 - Level 1.1 Short Blades
 - Level 3.0 Dodging
 * Level 5.0 Stealth
 - Level 2.6 Spellcasting
 + Level 3.9 Hexes


You had 4 spell levels left.
You knew the following spells:

 Your Spells              Type           Power        Failure   Level  Hunger
a - Corona                Hex            ##.....      4%          1    #......

Your spell library contained the following spells:

 Spells                   Type           Power        Failure   Level  Hunger
 Confuse                  Hex            ##......     12%         3    ###....
 Tukima's Dance           Hex            ##......     12%         3    ###....
 Ensorcelled Hibernation  Hex/Ice        #.....       13%         2    ##.....
 Dazzling Spray           Conj/Hex       #.....       26%         3    ###....


Dungeon Overview and Level Annotations

Branches:
Dungeon (2/15)

Altars:


Innate Abilities, Weirdness & Mutations

You are very small and have problems with some larger weapons.
You are too small for most types of armour.
You have supernaturally acute eyesight. (SInv)
You are a herbivore.
You cover ground extremely quickly.
You need to consume almost no food.


Message History

The worm completely misses you.
You hit the worm but do no damage.
The worm is lightly wounded.
The worm barely misses you.
You hit the worm.
The worm is moderately wounded.
You hit the worm but do no damage.
The worm is moderately wounded.
The worm misses you.
You hit the worm.
The worm is moderately wounded.
The worm stops glowing.
You hit the worm.
The worm is moderately wounded.
The worm closely misses you.
You hit the worm.
The worm is heavily wounded.
The worm bites you!
Ouch! That really hurt!
You die...

#######+###
#.........#
#.........#
#.........#
#.......%!#
#######)###
#w# #@#
.#########.##
..........>.#
.####.......#
#.......#
#.......#
#.......#
#.......#
#.....(.#


You could see a worm.

Vanquished Creatures
  3 goblins
  A bat (D:1)
  2 frilled lizards
  3 rats
9 creatures vanquished.

Notes
Turn   | Place    | Note
-------+----------+-------------------------------------------
     0 | D:1      | HereIgoKillingAgain the Spriggan Enchanter began the quest
                  | for the Orb.
     0 | D:1      | Reached XP level 1. HP: 9/9 MP: 5/5
   826 | D:2      | Reached skill level 5 in Stealth
   838 | D:2      | Slain by a worm

Vault maps used:
D:1:      dpeg_arrival_solitude, serial_curves, eino_curves_03, eino_curves_04
D:2:      minmay_liquid_box, uniq_sigmund

Skill      XL: |  1 |
---------------+----+-----
Stealth        | 5 |  5.0
Short Blades   | |  1.1
Dodging        | |  3.0
Spellcasting   | |  2.6
Hexes          | |  3.9

Action                   || total
-------------------------++-------
Melee: Dagger            ||    37
 Cast: Corona            ||     1
 Stab: Sleeping          ||     3
Armor: Robe              ||     1
Dodge: Dodged            ||    26

Table legend:
 A = Non-vault XP
 B = Vault XP
 C = Vault XP percentage of total XP
 D = Non-vault monster count
 E = Vault monster count
 F = Vault count percentage of total count
                 A         B        C        D         E       F
            +---------+---------+-------+---------+---------+-------
      Total |      11 |       0 |   0.0 |       9 |       0 |   0.0
            +---------+---------+-------+---------+---------+-------
        D:1 |       6 |       0 |   0.0 |       5 |       0 |   0.0
        D:2 |       5 |       0 |   0.0 |       4 |       0 |   0.0
            +---------+---------+-------+---------+---------+-------
